 Dungeon Crawl Stone Soup version 0.24.0-123-gd5b16e6ec5 (webtiles) character file.

Game seed: 4722435364913268950, levelgen mode: deterministic

3404 Iamsoldier the Grappler (level 9, 0/138 (139) HPs)
             Began as a Troll Berserker on Dec 17, 2019.
             Was an Elder of Trog.
             Slain by a hornet (7 damage)
             ... on level 8 of the Dungeon.
             The game lasted 00:07:05 (6058 turns).

Iamsoldier the Grappler (Troll Berserker)           Turns: 6058, Time: 00:07:06

HP:   0/138 (139)   AC:  6    Str: 32    XL:     9   Next: 75%
MP:   0/8           EV: 10    Int:  3    God:    Trog [****..]
Gold: 453           SH:  0    Dex: 12    Spells: 8/8 levels left

rFire    . . .     SeeInvis .     - Unarmed
rCold    . . .     Gourm    +   (no shield)
rNeg     . . .     Faith    .   a - +0 animal skin
rPois    .         Spirit   +   (helmet restricted)
rElec    .         Reflect  .   r - scarf {Spirit}
rCorr    .         Harm     .   (gloves unavailable)
MR       .....                  (boots unavailable)
Stlth    ..........             t - amulet of guardian spirit
HPRegen  0.73/turn              (no ring)
MPRegen  0.11/turn              (no ring)

@: berserking, lethally poisoned (0 -> -14), slowed
A: large, unfitting armour, claws 3, fast metabolism 3, gourmand, regeneration
1, shaggy fur 1, tough skin 3
a: Berserk, Trog's Hand, Brothers in Arms, Renounce Religion


You were on level 8 of the Dungeon.
You worshipped Trog.
Trog was greatly pleased with you.
You were not hungry.

You visited 1 branch of the dungeon, and saw 8 of its levels.

You collected 453 gold pieces.

Inventory:

Armour
 a - a +0 animal skin (worn)
 f - a +0 cloak
 r - a scarf of spirit shield (worn)
Jewellery
 t - an amulet of guardian spirit (around neck)
 x - an uncursed ring of protection from fire {unknown}
 z - an uncursed amulet of harm {unknown}
Wands
 v - a wand of iceblast (12)
 w - a wand of flame (23)
Scrolls
 d - 3 scrolls of enchant armour {unknown}
 e - 3 scrolls of teleportation {unknown}
 g - 5 scrolls of identify {unknown}
 k - a scroll of immolation {unknown}
 m - 2 scrolls of amnesia {unknown}
 n - 2 scrolls of remove curse {unknown}
 o - a scroll of enchant weapon {unknown}
 p - 3 scrolls of blinking {unknown}
 y - a scroll of magic mapping {unknown}
Potions
 c - a potion of ambrosia {unknown}
 i - a potion of heal wounds {unknown}
 j - 4 potions of lignification {unknown}
 l - a potion of magic {unknown}
 q - a potion of brilliance {unknown}
 s - a potion of mutation {unknown}
 u - a potion of cancellation {unknown}
Comestibles
 b - 14 rations


   Skills:
 + Level 7.2 Fighting
 - Level 2.4 Dodging
 * Level 11.6 Unarmed Combat


You had 8 spell levels left.
You didn't know any spells.
Your spell library was empty.

Dungeon Overview and Level Annotations

Branches:
Dungeon (8/15)             Temple (0/1) D:6
   Lair: D:8-11

Altars:
Ashenzari
Dithmenos
Elyvilon
Fedhas
Gozag
Kikubaaqudgha
Okawaru
Ru
Zin


Innate Abilities, Weirdness & Mutations

You are too large for most types of armour.
You have claws for hands.
Your metabolism is lightning-fast.
You like to eat raw meat.
Your natural rate of healing is unusually fast.
You are covered in fur. (AC +1)
You have extremely tough skin. (AC +3)


Message History

You scratch the hornet.
The hornet is severely wounded.
You feel very sick. The hornet stings you!
* * * LOW HITPOINT WARNING * * *
You are more poisoned.
You feel as though you will be slow longer.
The hornet misses you.
A red film seems to cover your vision as you go berserk!
You feel yourself moving faster!
You feel mighty!
* * * LOW HITPOINT WARNING * * *
You feel very sick. The hornet completely misses you.
The hornet stings you but does no damage.
You closely miss the hornet.
The hornet is severely wounded.
* * * LOW HITPOINT WARNING * * *
You feel very sick. The hornet stings you!
You die...

#...# .#..# (...##
....# # ...# #.#..##
###.#.y.#
##.....@.#### .
#........#..## ..
##...........##...
###................
##.............#..
#......#.......#
#.....##.......###.
###.#...............
#....................


You could see a hornet.

Vanquished Creatures
  Grinder (D:4)
  A wyvern (D:7)
  2 hungry ghosts (D:7)
  2 steam dragons (D:6)
  Edmund (D:6)
  2 water moccasins
  A necrophage (D:7)
  4 ogres
  3 centaurs
  A big kobold (D:7)
  2 bullfrogs
  3 scorpions
  5 killer bees
  3 howler monkeys
  A crimson imp (D:7)
  2 centaur skeletons
  3 jellies
  Crazy Yiuf (D:4)
  4 hounds
  3 orc priests
  2 iguanas (D:4)
  2 orc wizards
  4 worker ants
  3 hound skeletons (D:5)
  4 gnolls (D:6)
  6 adders
  A shadow imp (D:8)
  An ooze (D:3)
  An adder zombie (D:5)
  3 worms
  A dart slug (D:2)
  4 leopard geckos
  27 orcs
  8 giant cockroaches
  5 goblins
  8 hobgoblins
  4 jackals (D:2)
  2 quokkas
  4 ball pythons
  3 bats
  4 frilled lizards
  10 kobolds
  A leopard gecko skeleton (D:4)
  A quokka skeleton (D:5)
  4 rats
158 creatures vanquished.

Notes
Turn   | Place    | Note
-------+----------+-------------------------------------------
     0 | D:1      | Iamsoldier the Troll Berserker began the quest for the Orb.
     0 | D:1      | Reached XP level 1. HP: 22/22 MP: 0/0
   234 | D:1      | Reached XP level 2. HP: 29/29 MP: 1/1
   398 | D:1      | Found an opulent altar of Gozag.
  1060 | D:2      | Reached skill level 4 in Unarmed Combat
  1060 | D:2      | Reached XP level 3. HP: 20/36 MP: 2/2
  1075 | D:2      | Reached ** piety under Trog
  1538 | D:3      | Found a shadowy altar of Dithmenos.
  1560 | D:3      | Reached XP level 4. HP: 29/45 MP: 3/3
  1722 | D:3      | Noticed a centaur
  1737 | D:3      | Killed a centaur
  1737 | D:3      | Reached skill level 5 in Unarmed Combat
  1737 | D:3      | Reached XP level 5. HP: 15/53 MP: 4/4
  2459 | D:4      | Reached XP level 6. HP: 51/62 MP: 2/5
  2477 | D:4      | Reached *** piety under Trog
  2477 | D:4      | Reached skill level 6 in Unarmed Combat
  2931 | D:4      | Found a runed translucent door.
  2932 | D:4      | Noticed Crazy Yiuf
  2959 | D:4      | Noticed Grinder
  2965 | D:4      | Killed Grinder
  2965 | D:4      | Reached skill level 7 in Unarmed Combat
  2965 | D:4      | Reached XP level 7. HP: 65/71 MP: 6/6
  3007 | D:4      | Killed Crazy Yiuf
  3078 | D:5      | Entered Level 5 of the Dungeon
  3201 | D:5      | Reached skill level 8 in Unarmed Combat
  3249 | D:5      | Reached skill level 5 in Fighting
  3249 | D:5      | Reached XP level 8. HP: 51/80 MP: 3/7
  3438 | D:5      | Reached skill level 9 in Unarmed Combat
  3572 | D:5      | Reached **** piety under Trog
  3824 | D:6      | Found a staircase to the Ecumenical Temple.
  3894 | D:6      | Noticed Edmund
  3901 | D:6      | Killed Edmund
  4106 | D:6      | Reached skill level 10 in Unarmed Combat
  4133 | D:6      | Found a shattered altar of Ashenzari.
  4247 | D:6      | Reached XP level 9. HP: 68/89 MP: 6/8
  5333 | D:7      | Found an iron altar of Okawaru.
  5333 | D:7      | Found a blossoming altar of Fedhas.
  5334 | D:7      | Found a white marble altar of Elyvilon.
  5335 | D:7      | Found a glowing silver altar of Zin.
  5335 | D:7      | Found a sacrificial altar of Ru.
  5335 | D:7      | Found an ancient bone altar of Kikubaaqudgha.
  5525 | D:7      | Reached skill level 11 in Unarmed Combat
  5532 | D:7      | HP: 6/138 [poisoned by a killer bee]
  6050 | D:8      | Paralysed by a hornet for 3 turns
  6058 | D:8      | Slain by a hornet

Levels and vault maps discovered:
D:1:      sevenhm_arrival_forest_fort_small_6, layout_loops_ring,
          chequers_serial_rivers_micro_c
D:2:      layout_loops_cross, bh_walls_and_bars
D:3:      layout_basic, nicolae_dithmenos_shadow_blocks, chequers_avenue
D:4:      layout_rooms, uniq_grinder, uniq_crazy_yiuf_cottage
D:5:      minmay_general_purpose_star, layout_cave_pools, first_ration,
          grunt_ministairs_11, saegor_snake_ambush
D:6:      cheibrodos_steamvent, layout_basic, minmay_temple_entry_mini_moons,
          st_stairs_14, nicolae_ashenzari_panopticon, uniq_edmund
D:7:      layout_cave_pods, grunt_temple_overflow_open
D:8:      layout_cave_pools, uniq_maurice

Skill      XL: |  1  2  3  4  5  6  7  8  9 |
---------------+----------------------------+-----
Unarmed Combat | 4 5 7 8 10 11 | 11.6
Fighting       | 3 4 5 6 7 |  7.2
Dodging        | |  2.4

Action                   |  1- 3 |  4- 6 |  7- 9 || total
-------------------------+-------+-------+-------++-------
Melee: Unarmed           |    89 |   124 |   236 ||   449
       Punch             |     2 |     3 |     6 ||    11
Invok: Berserk           |       |       |     5 ||     5
  Use: Potion            |       |       |     2 ||     2
 Stab: Sleeping          |     1 |     2 |     1 ||     4
  Eat: Chunk             |    20 |    13 |    31 ||    64
       Ration            |       |       |     1 ||     1
Armor: Animal skin       |    26 |    29 |    70 ||   125
Dodge: Dodged            |    34 |    65 |   135 ||   234
